 Dungeon Crawl Stone Soup version 0.26-a0-663-g36e8fdb655 (webtiles) character file.

Game seed: 10536215898338377984

65 marklar909 the Vexing (level 4, 0/32 HPs)
             Began as a Formicid Arcane Marksman on Oct 12, 2020.
             Succumbed to an adder's poison
             ... on level 3 of the Dungeon.
             The game lasted 00:02:46 (2328 turns).

marklar909 the Vexing (Formicid Arcane Marksman)    Turns: 2328, Time: 00:02:47

Health: 0/32       AC:  2    Str: 15    XL:     4   Next: 34%
Magic:  3/6        EV: 12    Int: 12    God:
Gold:   73         SH:  0    Dex: 12    Spells: 2/6 levels left

rFire    . . .     SeeInvis +   a - +0 hunting sling
rCold    . . .     Faith    .   (no shield)
rNeg     . . .     Spirit   .   e - +0 robe
rPois    .         Reflect  .   (helmet unavailable)
rElec    .         Harm     .   (no cloak)
rCorr    .         Rampage  .   (no gloves)
MR       .....                  (no boots)
Stlth    +.........             (no amulet)
HPRegen  0.10/turn              (no ring)
MPRegen  0.10/turn              (no ring)

@: lethally poisoned (0 -> -15)
A: permanent stasis, dig shafts and tunnels, four strong arms, antennae 3
a: Dig, Shaft Self


You were on level 3 of the Dungeon.
You visited 1 branch of the dungeon, and saw 3 of its levels.

You collected 73 gold pieces.

Inventory:

Hand Weapons
 a - a +0 hunting sling (weapon)
Missiles
 d - 42 sling bullets
 m - 2 stones (quivered)
Armour
 e - a +0 robe (worn)
Jewellery
 g - a +6 ring of intelligence {unknown}
 o - an uncursed ring of ice {unknown}
Scrolls
 b - 2 scrolls of teleportation {unknown}
 c - 2 scrolls of enchant weapon {unknown}
 f - 2 scrolls of identify {unknown}
 i - a scroll of noise {unknown}
 j - 2 scrolls of immolation {unknown}
 n - a scroll of blinking {unknown}
Potions
 h - 2 potions of curing {unknown}
 k - a potion of heal wounds {unknown}
 l - 2 potions of mutation {unknown}


   Skills:
 + Level 1.2 Fighting
 + Level 3.5 Slings
 + Level 1.8 Dodging
 + Level 0.2 Stealth
 + Level 1.8 Spellcasting
 + Level 4.4 Hexes


You had 2 spell levels left.
You knew the following spells:

 Your Spells              Type           Power        Failure   Level
a - Corona                Hex            ##.....      4%          1
b - Portal Projectile     Hex/Tloc       #.....       32%         3

Your spell library contained the following spells:

 Spells                   Type           Power        Failure   Level
 Slow                     Hex            ##......     7%          2
 Inner Flame              Hex/Fire       #.......     32%         3
 Cause Fear               Hex            ##........   41%         4
 Leda's Liquefaction      Hex/Erth       #.........   73%         4


Dungeon Overview and Level Annotations

Branches:
Dungeon (3/15)

Altars:
Ashenzari


Innate Abilities, Weirdness & Mutations

You cannot be hasted, slowed, berserked, paralysed or teleported.
You can dig through walls and to a lower floor.
Your four strong arms can wield two-handed weapons with a shield.
You have a pair of large antennae on your head. (SInv)


Message History

Unknown command.
Unknown command.
Firing (i - inventory. (/) - cycle)
m - 4 stones (quivered)
Press: ? - help, Shift-Dir - straight line, f/p - adder
Aim: an adder (almost dead)
You shoot a stone. The stone hits the adder.
You kill the adder!
* * * LOW HITPOINT WARNING * * *
You feel sick.
The kobold hits you with a +0 short sword.
* * * LOW HITPOINT WARNING * * *
The giant cockroach barely misses you.
The kobold hits you with a +0 short sword.
* * * LOW HITPOINT WARNING * * *
Firing (i - inventory. (/) - cycle)
m - 3 stones (quivered)
Press: ? - help, Shift-Dir - straight line, f - goblin
Aim: a goblin, wielding a +0 hunting sling and quivering 10 stones You shoot a stone.
The stone hits the goblin!
You kill the goblin!
You die...

.(...... (...(....
.(........ . .........#
##.# .........##....#
..........#...#
.....(#......##
#(..BKB.....# .
##..)@(#....#
...###.#.#(##....#....##.#
.........................#
...###....................
#......................
#..#.##................
####)#.................
#...................
#.............†.....


You could see 2 giant cockroaches and a kobold.

Vanquished Creatures
  An adder (D:3)
  An ooze (D:1)
  A worm (D:2)
  2 dart slugs
  3 leopard geckos
  5 bats
  A giant cockroach (D:2)
  10 goblins
  2 hobgoblins
  2 jackals (D:2)
  6 frilled lizards
  4 kobolds
  4 rats
42 creatures vanquished.

Notes
Turn   | Place    | Note
-------+----------+-------------------------------------------
     0 | D:1      | marklar909 the Formicid Arcane Marksman began the quest for
                  | the Orb.
     0 | D:1      | Reached XP level 1. HP: 15/15 MP: 2/2
   261 | D:1      | Reached skill level 4 in Hexes
   261 | D:1      | Reached XP level 2. HP: 21/21 MP: 1/3
   928 | D:1      | Reached XP level 3. HP: 26/26 MP: 2/5
  1732 | D:2      | Found a broken altar of Ashenzari.
  2055 | D:2      | Learned a level 3 spell: Portal Projectile
  2086 | D:3      | Reached XP level 4. HP: 18/32 MP: 4/6
  2327 | D:3      | HP: 1/32 [kobold/+0 short sword (2)]
  2328 | D:3      | Succumbed to an adder's poison

Illustrated notes

Levels and vault maps discovered:
D:1:      dpeg_arrival_renting, layout_basic
D:2:      layout_basic, ashenzari_altar_1
D:3:      layout_rooms, portal_sewer_entry_e

Skill      XL: |  1  2  3 |
---------------+----------+-----
Hexes          | 4 |  4.4
Slings         | 3 |  3.5
Fighting       | |  1.2
Dodging        | |  1.8
Stealth        | |  0.2
Spellcasting   | |  1.8

Action                   |  1- 3 |  4- 6 || total
-------------------------+-------+-------++-------
 Fire: Hunting sling     |   100 |    26 ||   126
 Cast: Corona            |    35 |    10 ||    45
Armor: Robe              |     7 |     6 ||    13
Dodge: Dodged            |    27 |    24 ||    51

Table legend: (Time is in decaauts)
 A = Elapsed time spent in this place.
 B = Non-inter-level travel time spent in this place.
 C = Inter-level travel time spent in this place.
 D = Time resting spent in this place.
 E = Time spent auto-exploring this place.
 F = Levels seen in this place.
 G = Mean time per level.
                   A        B        C        D        E       F      G
               +--------+--------+--------+--------+--------+-----+--------+
         Total |   2335 |   2278 |     57 |    100 |   1855 |   3 |  778.3 |
       Dungeon |   2335 |   2278 |     57 |    100 |   1855 |   3 |  778.3 |
               +--------+--------+--------+--------+--------+-----+--------+

Top non-repeatable levels by time:
     D:1: 1606 daAuts
     D:2: 479 daAuts
     D:3: 250 daAuts
